Map: Distant Plane

Players

Fropez

  • Race: Protoss Protoss
  • League: Silver
  • Spawn Location: 1:00

Obi

  • Race: Terran Terran
  • Spawn Location: 1:00

AllenHsiao

  • Race: Protoss Protoss
  • League: Bronze
  • Spawn Location: 5:00

Johnny

  • Race: Terran Terran
  • Spawn Location: 5:00

VOD

Have the link to the VOD?

Description

Time

  • Played on: May 25, 2016, 10:15 a.m.
  • Length: 4:47
Show
View Real Time Build Order
Export as new Build Order

Fropez Protoss 

Build Orders: Oracle Opening 

Get SALT Encoding   

  12  0:02  Probe (Chrono Boost)  
  13  0:18  Probe (Chrono Boost)  
  13  0:19  Pylon  
  15  0:28  Probe (Chrono Boost)  
  15  0:38  Gateway  
  15  0:40  Probe (Chrono Boost)  
  16  0:50  Probe (Chrono Boost)  
  16  0:51  Assimilator  
  17  1:02  Probe (Chrono Boost)  
  17  1:03  Pylon  
  18  1:13  Probe (Chrono Boost)  
  19  1:19  Assimilator  
  19  1:23  Probe (Chrono Boost)  
  20  1:31  Cybernetics Core  
  20  1:34  Probe (Chrono Boost)  
  21  1:44  Probe (Chrono Boost)  
  22  1:55  Probe (Chrono Boost)  
  23  2:05  Probe (Chrono Boost)  
  24  2:10  Stargate  
  24  2:16  Probe (Chrono Boost)  
  25  2:26  Probe (Chrono Boost)  
  27  2:37  Probe (Chrono Boost)  
  24  2:53  Oracle (Chrono Boost)  
  24  3:45  Oracle (Chrono Boost)  
  15  4:03  Probe  
  16  4:15  Probe (Chrono Boost)  
  9  4:27  Probe (Chrono Boost)  
Show
View Real Time Build Order
Export as new Build Order

Obi Terran 

Build Orders:  

Get SALT Encoding   

  12  0:02  SCV  
  13  0:14  SCV  
  14  0:26  SCV  
  14  0:27  Refinery  
  15  0:36  Supply Depot  
  15  0:58  SCV  
  15  0:59  Refinery  
  15  1:02  Barracks  
  16  1:10  SCV  
  17  1:22  SCV  
  18  1:38  SCV  
  19  1:45  Engineering Bay  
  19  1:50  SCV  
  19  1:52  Marine  
  19  1:54  Supply Depot  
  21  2:09  Marine  
  21  2:10  Factory  
  21  2:11  SCV  
  23  2:23  SCV  
  23  2:27  Marine  
  25  2:35  SCV  
  26  2:45  Marine  
  26  2:47  SCV  
  28  2:57  Factory Tech Lab  
  28  3:00  SCV  
  28  3:02  Barracks  
  28  3:03  Marine  
  28  3:21  Marine  
  29  3:38  Marine  
  28  3:41  Siege Tank  
  30  3:56  Marine  
  31  4:03  Supply Depot  
  31  4:15  Marine  
  31  4:16  Marine  
Show
View Real Time Build Order
Export as new Build Order

AllenHsiao Protoss 

Build Orders: Oracle Opening, Phoenix Opening 

Get SALT Encoding   

  12  0:02  Probe (Chrono Boost)  
  13  0:13  Probe (Chrono Boost)  
  14  0:18  Pylon  
  14  0:23  Probe (Chrono Boost)  
  15  0:36  Probe (Chrono Boost)  
  15  0:39  Gateway  
  16  0:47  Probe (Chrono Boost)  
  17  0:51  Assimilator  
  17  0:53  Assimilator  
  17  0:57  Probe (Chrono Boost)  
  18  1:07  Pylon  
  18  1:08  Probe (Chrono Boost)  
  19  1:23  Probe (Chrono Boost)  
  20  1:28  Cybernetics Core  
  20  1:34  Probe (Chrono Boost)  
  21  1:44  Probe (Chrono Boost)  
  22  1:55  Probe (Chrono Boost)  
  23  2:05  Stargate  
  23  2:11  Mothership Core (Chrono Boost)  
  25  2:24  Nexus  
  25  2:32  Warp Gate (Chrono Boost)  
  25  2:45  Pylon  
  25  2:48  Oracle (Chrono Boost)  
  28  3:00  Probe  
  29  3:08  Forge  
  29  3:12  Probe  
  30  3:16  Stalker  
  30  3:19  Assimilator  
  32  3:25  Oracle (Chrono Boost)  
  37  3:56  Phoenix (Chrono Boost)  
  37  4:11  Probe  
  37  4:12  Probe  
  37  4:13  Pylon  
  41  4:40  Stargate  
  41  4:44  Pylon  
  43  4:45  Photon Cannon  
  43  4:46  Assimilator  
Show
View Real Time Build Order
Export as new Build Order

Johnny Terran 

Build Orders:  

Get SALT Encoding   

  12  0:01  SCV  
  13  0:13  SCV  
  14  0:21  Supply Depot  
  14  0:25  SCV  
  15  0:31  Refinery  
  15  0:44  SCV  
  15  0:47  Barracks  
  16  0:56  SCV  
  17  1:02  Barracks  
  17  1:08  SCV  
  18  1:20  SCV  
  19  1:32  SCV  
  20  1:35  Reaper  
  21  1:42  Supply Depot  
  21  1:44  Orbital Command  
  21  1:50  Reaper  
  22  1:56  Refinery  
  22  2:05  Supply Depot  
  22  2:07  Reaper  
  23  2:10  SCV  
  24  2:19  Supply Depot  
  24  2:22  Reaper  
  25  2:23  SCV  
  26  2:39  Reaper  
  26  2:55  Reaper  
  27  3:11  Reaper  
  28  3:13  Command Center  
  28  3:20  Engineering Bay  
  28  3:27  Reaper  
  26  3:36  SCV  
  27  3:46  Supply Depot, Barracks  
  27  3:47  Factory  
  28  3:50  SCV, Missile Turret  
  28  3:52  Barracks Tech Lab  
  26  4:03  Barracks Tech Lab  
  27  4:24  SCV  
  27  4:28  Marine  
  28  4:34  Missile Turret  
  28  4:35  Starport  
  28  4:44  Factory Reactor  
Tags
 
Add a new tag
Caveats
  • Supply blocks, unpowered buildings, or Contaminate may cause inaccurate times.
  • Supply counts are checked every 10 seconds.